 Dungeon Crawl Stone Soup version 0.24.0-2-g5b39cebb1c (webtiles) character file.

Game seed: 18058959402187950533, levelgen mode: deterministic

28025 Quickbrownfox the Summoner (level 13, -1/81 HPs)
             Began as a Merfolk Summoner on Oct 29, 2019.
             Was a High Priest of Hepliaklqana.
             Killed from afar by an acid blob (10 damage)
             ... with a splash of acid
             ... on level 5 of the Lair of Beasts.
             The game lasted 03:14:56 (21681 turns).

Quickbrownfox the Summoner (Merfolk Summoner)      Turns: 21681, Time: 03:14:57

Health: -1/81      AC:  1    Str: 20    XL:     13   Next: 36%
Magic:  16/27      EV: 14    Int: 19    God:    Hepliaklqana [*****.]
Gold:   1186       SH:  6    Dex: 14    Spells: 2/33 levels left

rFire    + . .     SeeInvis .   k - +2 long sword of Wrongful Imprisonment {flame, Fragile rElec rF+ Str+6}
rCold    + + .     Gourm    .   P - +2 buckler
rNeg     . . .     Faith    .   L - +1 ring mail of Efefeint {*Drain rC+ Str+3 Int+4}
rPois    .         Spirit   .   g - +2 helmet
rElec    +         Reflect  .   (no cloak)
rCorr    .         Harm     .   R - +1 pair of gloves
MR       +....                  s - +0 pair of boots
Stlth    +++.......             D - amulet of regeneration
HPRegen  0.63/turn              i - ring of protection from cold
MPRegen  0.20/turn              m - +3 ring of slaying

@: about to teleport, corroded
A: change form in water, swift swim, stealthy swim, reduced essence, magic
resistance 1, weak 1
a: Recall Ancestor, Ancestor Identity, Transference, Idealise, Renounce Religion


You were on level 5 of the Lair of Beasts.
You worshipped Hepliaklqana.
Hepliaklqana was extremely pleased with you.
You were not hungry.

You visited 4 branches of the dungeon, and saw 22 of its levels.
You also visited: Sewer.

You collected 1406 gold pieces.
You spent 220 gold pieces at shops.

Inventory:

Hand Weapons
 k - the +2 long sword of Wrongful Imprisonment (weapon) {flame, Fragile rElec rF+ Str+6}
   (You found it on level 6 of the Dungeon)

   It has been specially enchanted to burn those struck by it, causing extra
   injury to most foes and up to half again as much damage against particularly
   susceptible opponents.
   Big, fiery blades are also staple armaments of hydra-hunters.
   It affects your strength (+6).
   It protects you from fire.
   It insulates you from electricity.
   It will be destroyed if unequipped.
 r - a +5 scimitar
 V - the cursed +1 rapier of Quantum Leap {freeze, rF+, unknown}
   (You found it on level 4 of the Lair of Beasts)

   It has been specially enchanted to freeze those struck by it, causing extra
   injury to most foes and up to half again as much damage against particularly
   susceptible opponents.
   It can also slow down cold-blooded creatures.
   It protects you from fire.
   It has a curse placed upon it.
Missiles
 F - 4 javelins (quivered)
Armour
 f - the +1 scale mail of Action {+Inv rF- Str+4 Stlth+}
   (You found it on level 5 of the Dungeon)

   It affects your strength (+4).
   It makes you vulnerable to fire.
   It lets you turn invisible.
   It makes you more stealthy.
 g - a +2 helmet (worn)
 j - a +3 leather armour
 s - a +0 pair of boots (worn)
 L - the +1 ring mail of Efefeint (worn) {*Drain rC+ Str+3 Int+4}
   (You found it on level 7 of the Dungeon)

   It affects your strength (+3).
   It affects your intelligence (+4).
   It protects you from cold.
   It causes draining when unequipped.
 P - a +2 buckler (worn)
 R - a +1 pair of gloves (worn)
Jewellery
 i - a ring of protection from cold (left hand)
 m - a +3 ring of slaying (right hand)
 y - an uncursed ring of ice
 D - an amulet of regeneration (around neck)
 M - an uncursed ring of magical power
 T - an uncursed ring of stealth
 W - an uncursed ring of see invisible
 Y - an uncursed ring of positive energy {unknown}
Wands
 b - a wand of enslavement (7)
 h - a wand of iceblast (40)
 x - a wand of scattershot (6)
 A - a wand of paralysis (9)
 J - a wand of digging (5)
 K - a wand of flame (78)
 N - a wand of acid (4)
 O - a wand of polymorph (20)
Scrolls
 q - 2 scrolls of magic mapping
 u - a scroll of summoning {unknown}
 v - a scroll of blinking
 w - 2 scrolls of enchant armour
 B - 8 scrolls of teleportation
 G - 8 scrolls of remove curse
 H - a scroll of amnesia
 I - 4 scrolls of enchant weapon
 S - a scroll of immolation {unknown}
 U - 3 scrolls of holy word
Potions
 a - 5 potions of brilliance
 d - 2 potions of might
 e - a potion of ambrosia
 l - 4 potions of heal wounds
 n - a potion of invisibility
 o - 3 potions of flight
 p - 4 potions of curing
 t - 3 potions of agility
 z - 2 potions of cancellation
 C - a potion of berserk rage
 E - 3 potions of haste
 Q - a potion of mutation
Miscellaneous
 X - a lamp of fire
Comestibles
 c - 32 rations


   Skills:
 + Level 4.7 Fighting
 + Level 5.3(7.2) Short Blades
 + Level 6.9(7.6) Long Blades
 + Level 2.8 Throwing
 + Level 5.1 Armour
 + Level 6.6 Dodging
 + Level 7.3 Stealth
 + Level 1.0 Shields
 + Level 10.7 Spellcasting
 + Level 1.2 Hexes
 + Level 11.9 Summonings
 + Level 0.9 Ice Magic
 + Level 0.8 Air Magic
 * Level 6.6 Invocations
 + Level 1.3 Evocations


You had 2 spell levels left.
You knew the following spells:

 Your Spells              Type           Power        Failure   Level  Hunger
a - Summon Small Mammal   Summ           ####         1%          1    None
b - Call Imp              Summ           ######..     1%          2    None
c - Call Canine Familiar  Summ           ######..     1%          3    None
d - Summon Guardian Gole  Hex/Summ       #####...     3%          3    None
e - Ensorcelled Hibernat  Hex/Ice        ##....       16%         2    None
f - Aura of Abjuration    Summ           ######....   3%          5    ####...
g - Summon Ice Beast      Ice/Summ       ####....     12%         4    ##.....
h - Summon Lightning Spi  Summ/Air       ####....     12%         4    ##.....
i - Ozocubu's Armour      Chrm/Ice       ##......     38%         3    None
j - Infusion              Chrm           ##..         16%         1    None
k - Conjure Flame         Conj/Fire      ##......     43%         3    None

Your spell library contained the following spells:

 Spells                   Type           Power        Failure   Level  Hunger
 Summon Butterflies       Summ           ######..     1%          1    None
 Freeze                   Ice            ##..         11%         1    None
 Slow                     Hex            ##......     14%         2    None
 Magic Dart               Conj           ##..         16%         1    None
 Throw Frost              Conj/Ice       ##....       21%         2    None
 Blink                    Tloc           N/A          24%         2    None
 Shroud of Golubria       Chrm/Tloc      ##....       24%         2    None
 Song of Slaying          Chrm           ##......     24%         2    None
 Spectral Weapon          Hex/Chrm       ##......     36%         3    None
 Mephitic Cloud           Conj/Pois/Air  ##......     41%         3    None
 Regeneration             Chrm/Necr      ##........   43%         3    None
 Leda's Liquefaction      Hex/Erth       ##........   77%         4    ##.....
 Throw Icicle             Conj/Ice       ##......     80%         4    ##.....
 Bolt of Magma            Conj/Fire/Erth ##........   99%         5    ####...
 Bolt of Cold             Conj/Ice       ##........   100%        6    ######.
 Iron Shot                Conj/Erth      ##........   100%        6    ######.
 Ozocubu's Refrigeration  Ice            ##........   100%        6    ######.
 Statue Form              Tmut/Erth      ##.......    100%        6    ######.
 Shatter                  Erth           ##........   100%        9    #######


Dungeon Overview and Level Annotations

Branches:
Dungeon (13/15)            Temple (1/1) D:6            Lair (6/6) D:10
  Swamp (0/4) Lair:4        Snake (0/4) Lair:3        Slime (0/5) Lair:5
    Orc (2/2) D:12          Sewer (visited)
    Elf: Orc:2       Vaults: D:13-14

Altars:
Ashenzari
Cheibriados
Dithmenos
Elyvilon
Fedhas
Gozag
Hepliaklqana
Kikubaaqudgha
Makhleb
Nemelex Xobeh
Okawaru
Qazlal
Ru
Sif Muna
Trog
Uskayaw
Vehumet
Wu Jian
Xom
Yredelemnul
Zin
The Shining One
Jiyva

Shops:
D:5 }   D:7 (

Portals:
Trove: D:11 (give 5 potions of resistance)

Annotations:
D:13 3 runed translucent doors, Kiokkeho's ghost, journeyman TrMo
Orc:2 Saint Roka


Innate Abilities, Weirdness & Mutations

You revert to your normal form in water.
You are very nimble and swift while swimming.
You are very stealthy in the water. (Stealth+)
Your life essence is reduced to manifest your ancestor. (-10% HP)
You are resistant to hostile enchantments. (MR+)
You are weak. (Str -2)


Message History

Aiming: Iceblast
Press: ? - help, Shift-Dir - straight line, f - acid blob
Aim: an acid blob (severely wounded)
The mass of ice explodes!
The iceblast engulfs the acid blob!
The acid blob is almost dead.
The iceblast engulfs the acid blob!
The acid blob is severely wounded.
The acid blob spits acid at you. The splash of acid hits you!
You are splashed with acid!
Unknown command.
As you read the scroll of teleportation, it crumbles to dust.
You feel strangely unstable. The acid blob spits acid at you.
The splash of acid hits you!
* * * LOW HITPOINT WARNING * * *
The acid corrodes you!
You are splashed with acid!
* * * LOW HITPOINT WARNING * * *
The acid blob spits acid at you. The splash of acid hits you!
You die...

.....# ##.....<.......#
#...### #..............#
P...P.### ##P........#####
........## ##.......8#...#
.........# #P#......'_.># #
........## ###...5J.#...#.#
.........### #......8#####.#
........#..#.#....J........###
............(...@............#
.............................#
...........................P##
.......##..................P#
##....?##..................##
..#P..#.#..................#
###...###..................#
###..P.#.....#.#.........#.P#
.......#5.....###.......#####


You could see 2 acid blobs, a friendly guardian golem, a friendly lightning
spire and a friendly crimson imp.

Vanquished Creatures
  A hydra (Lair:5)
  Erolcha (Orc:1)
  3 death yaks (Lair:4)
  An orc sorcerer (Orc:1)
  A cyclops (Orc:1)
  A black mamba (Lair:1)
  Joseph (D:7)
  2 spiny frogs (Lair:3)
  A komodo dragon (Lair:5)
  3 trolls
  2 blink frogs (Lair:5)
  Prince Ribbit (D:5)
  5 hippogriffs
  A wyvern (Lair:4)
  A basilisk (Lair:2)
  9 yaks
  A hungry ghost (D:7)
  A warg (Orc:1)
  A water moccasin (shapeshifter) (D:13)
  7 water moccasins
  Duvessa (D:7)
  2 porcupines
  3 sky beasts
  4 orc warriors
  A necrophage (D:9)
  3 ice beasts
  2 black bears
  5 ogres
  A wolf (D:9)
  8 centaurs
  3 crocodiles
  2 big kobolds
  13 bullfrogs
  4 scorpions
  A killer bee (D:5)
  4 wights (D:11)
  3 electric eels
  A howler monkey (D:5)
  8 crimson imps
  2 bullfrog zombies
  2 centaur skeletons
  5 hounds
  6 orc priests
  5 orc wizards
  A bullfrog skeleton (D:5)
  A hell rat (Lair:2)
  7 worker ants
  A hound zombie (D:5)
  2 hound skeletons (D:5)
  4 gnolls
  15 adders
  8 river rats (Lair:2)
  2 shadow imps
  An adder zombie (D:5)
  2 oozes
  An adder skeleton (D:6)
  2 worms
  3 dart slugs
  6 leopard geckos
  34 orcs
  3 bats
  3 giant cockroaches
  5 goblins
  4 hobgoblins
  6 jackals (D:6)
  11 kobolds
  4 quokkas
  5 ball pythons
  8 frilled lizards
  A quokka skeleton (D:5)
  11 rats
284 creatures vanquished.

Vanquished Creatures (collateral kills)
  4 hydras
  Fannar (Lair:3)
  An iron troll (D:13)
  An unseen horror (Lair:1)
  3 ugly things
  An elephant (Lair:2)
  2 black mambas (Lair:3)
  4 spiny frogs
  3 rime drakes
  2 komodo dragons
  2 trolls
  2 slime creatures (D:13)
  2 blink frogs (Lair:5)
  3 hippogriffs
  A wyvern (Lair:5)
  24 yaks
  A human (D:12)
  Grum (D:9)
  A hungry ghost (D:9)
  2 wargs
  3 porcupines (Lair:5)
  2 water moccasins
  7 orc warriors
  A sky beast (D:7)
  3 ice beasts
  A necrophage (D:9)
  Purgy (Sewer)
  4 ogres
  2 wolves (D:9)
  5 centaurs (D:11)
  2 crocodiles
  11 bullfrogs
  2 big kobolds (D:10)
  2 gnoll sergeants
  Dowan (D:7)
  3 killer bees
  2 scorpions
  4 wights (D:11)
  4 crimson imps
  A jelly (D:12)
  4 orc priests
  A bullfrog skeleton (D:4)
  2 centaur skeletons
  12 orc wizards
  An iguana (D:7)
  A worker ant (D:10)
  A hound skeleton (D:6)
  A worker ant zombie (D:3)
  4 gnolls
  A river rat (D:3)
  7 adders
  A shadow imp (D:9)
  An ooze (D:4)
  3 worms
  2 dart slugs (D:1)
  2 leopard geckos
  23 orcs
  4 ball pythons
  A bat (D:2)
  3 giant cockroaches
  A goblin (D:2)
  7 kobolds
  A quokka (D:11)
  A frilled lizard (D:1)
  A leopard gecko skeleton (D:4)
  A quokka skeleton (D:4)
  4 rats
  2 butterflies (Lair:2)
  6 fungi
  2 plants
223 creatures vanquished.

Vanquished Creatures (others)
  2 elephants (Lair:2)
  2 yaks (D:11)
  A centaur (D:11)
  20 hexers
  2 ancestors
  2 fungi
  2 plants
31 creatures vanquished.

Grand Total: 538 creatures vanquished

Notes
Turn   | Place    | Note
-------+----------+-------------------------------------------
     0 | D:1      | Quickbrownfox the Merfolk Summoner began the quest for the
                  | Orb.
     0 | D:1      | Reached XP level 1. HP: 13/13 MP: 3/3
   191 | D:1      | Reached XP level 2. HP: 16/19 MP: 3/5
   569 | D:1      | Reached skill level 1 in Short Blades
   621 | D:1      | Reached XP level 3. HP: 12/24 MP: 2/6
   625 | D:1      | Learned a level 2 spell: Call Imp
   629 | D:1      | Learned a level 3 spell: Call Canine Familiar
   681 | D:1      | You fall into a shaft and drop 1 floor!
  1336 | D:2      | Reached XP level 4. HP: 19/30 MP: 5/7
  1452 | D:2      | You fall into a shaft and drop 1 floor!
  1828 | D:3      | Reached XP level 5. HP: 12/35 MP: 1/9
  1919 | D:3      | Found a shimmering altar of Xom.
  1958 | D:3      | Found a basalt altar of Yredelemnul.
  1988 | D:3      | Found a glowing drain.
  2024 | Sewer    | Entered a sewer
  2176 | Sewer    | Noticed Purgy
  2187 | Sewer    | Killed Purgy
  2187 | Sewer    | Reached skill level 5 in Summonings
  2253 | Sewer    | Reached XP level 6. HP: 42/42 MP: 10/10
  3436 | D:4      | Reached skill level 1 in Fighting
  3473 | D:4      | Reached skill level 1 in Armour
  3823 | D:4      | Reached XP level 7. HP: 48/48 MP: 3/12
  4311 | D:5      | Entered Level 5 of the Dungeon
  4338 | D:5      | Got a pitted scale mail
  4365 | D:5      | Identified the +1 scale mail of Action {+Inv rF- Str+4
                  | Stlth+} (You found it on level 5 of the Dungeon)
  4698 | D:5      | Found Tobasips's Gadget Shop.
  4702 | D:5      | Bought a box of beasts for 220 gold pieces
  4880 | D:5      | Reached XP level 8. HP: 54/54 MP: 7/14
  4889 | D:5      | Found a burning altar of Makhleb.
  5033 | D:5      | Noticed Prince Ribbit
  5035 | D:5      | Killed Prince Ribbit
  5035 | D:5      | Reached skill level 5 in Stealth
  5035 | D:5      | Reached skill level 6 in Summonings
  5040 | D:5      | Learned a level 3 spell: Summon Guardian Golem
  5205 | D:5      | Reached skill level 5 in Spellcasting
  5453 | D:6      | Found a shattered altar of Ashenzari.
  5573 | D:6      | Reached XP level 9. HP: 48/61 MP: 11/16
  5688 | D:6      | Reached skill level 5 in Short Blades
  6018 | D:6      | Reached skill level 7 in Summonings
  6072 | D:6      | Found a staircase to the Ecumenical Temple.
  6085 | Temple   | Entered the Ecumenical Temple
  6308 | Temple   | Became a worshipper of Hepliaklqana the Forgotten
  6468 | D:6      | Got an ebony long sword
  6469 | D:6      | Identified the +2 long sword of Wrongful Imprisonment
                  | {flame, Fragile rElec rF+ Str+6} (You found it on level 6
                  | of the Dungeon)
  6556 | D:6      | Found a burning altar of Makhleb.
  6882 | D:7      | Noticed Dowan
  6889 | D:7      | Noticed Duvessa
  6891 | D:7      | Found an ancient bone altar of Kikubaaqudgha.
  6899 | D:7      | Killed Dowan
  6899 | D:7      | Reached skill level 1 in Long Blades
  6905 | D:7      | Killed Duvessa
  6955 | D:7      | Reached skill level 5 in Dodging
  7415 | D:7      | Reached * piety under Hepliaklqana
  7610 | D:7      | Found a radiant altar of Vehumet.
  7622 | D:7      | Noticed Joseph
  7640 | D:7      | Killed Joseph
  7640 | D:7      | Reached skill level 8 in Summonings
  7640 | D:7      | Reached XP level 10. HP: 30/61 MP: 11/19
  7647 | D:7      | Identified the Tome of Creative Snow
  7656 | D:7      | Got a spiked ring mail
  7669 | D:7      | Identified the cursed +1 ring mail of Efefeint {*Drain rC+
                  | Str+3 Int+4} (You found it on level 7 of the Dungeon)
  7788 | D:7      | Found Ycsotsipujy's Weapon Boutique.
  7860 | D:7      | Learned a level 2 spell: Ensorcelled Hibernation
  7866 | D:7      | Learned a level 5 spell: Aura of Abjuration
  8890 | D:9      | Found a bloodstained altar of Trog.
  8945 | D:9      | Reached ** piety under Hepliaklqana
  8947 | D:9      | Remembered your ancestor Yamquzzuhalamma as a hexer
  9164 | D:9      | Noticed Grum
  9174 | D:9      | Killed Grum
  9287 | D:10     | Entered Level 10 of the Dungeon
  9337 | D:10     | Found a staircase to the Lair.
  9805 | D:10     | Reached *** piety under Hepliaklqana
 10021 | D:11     | Reached skill level 5 in Long Blades
 10021 | D:11     | Reached skill level 9 in Summonings
 10034 | D:11     | Noticed a five-headed hydra
 10162 | D:11     | Reached XP level 11. HP: 68/68 MP: 6/22
 10311 | D:11     | Reached skill level 1 in Throwing
 10386 | D:11     | Found a portal to a secret trove of treasure.
 10450 | D:11     | Noticed a cyan ugly thing
 10586 | Lair:1   | Entered Level 1 of the Lair of Beasts
 11038 | Lair:1   | Killed an unseen horror
 11531 | Lair:1   | Reached skill level 10 in Summonings
 11581 | Lair:1   | Reached **** piety under Hepliaklqana
 11800 | Lair:1   | Gained mutation: You are dopey. (Int -2) [potion of
                  | mutation]
 11800 | Lair:1   | Gained mutation: You evolve. [potion of mutation]
 11801 | Lair:1   | Lost mutation: You are dopey. (Int -2) [potion of mutation]
 11801 | Lair:1   | Lost mutation: You evolve. [potion of mutation]
 11801 | Lair:1   | Gained mutation: You are weak. (Str -2) [potion of
                  | mutation]
 11801 | Lair:1   | Gained mutation: You are resistant to hostile enchantments.
                  | (MR+) [potion of mutation]
 12976 | Lair:2   | Learned a level 4 spell: Summon Ice Beast
 12981 | Lair:2   | Learned a level 4 spell: Summon Lightning Spire
 13232 | Lair:2   | Reached skill level 1 in Invocations
 14075 | Lair:3   | Noticed a four-headed hydra
 14083 | Lair:3   | Killed a four-headed hydra
 14083 | Lair:3   | Reached XP level 12. HP: 74/75 MP: 7/25
 14186 | Lair:3   | Reached ***** piety under Hepliaklqana
 14351 | Lair:3   | Noticed Fannar
 14393 | Lair:3   | Reached skill level 1 in Hexes
 14619 | D:11     | Killed a five-headed hydra
 14756 | D:11     | Reached skill level 1 in Evocations
 15427 | D:11     | Found a bloodstained altar of Trog.
 15584 | D:11     | Reached skill level 11 in Summonings
 15920 | D:12     | Found a staircase to the Orcish Mines.
 16651 | D:13     | Found a runed translucent gate.
 16651 | D:13     | Found a runed translucent gate.
 16654 | D:13     | Found a runed translucent gate.
 16656 | D:13     | Noticed Kiokkeho's ghost (journeyman TrMo)
 16709 | D:13     | Noticed an iron troll
 16733 | D:13     | Killed an iron troll
 16925 | D:13     | Noticed a fire dragon
 16925 | D:13     | Noticed an anaconda
 16925 | D:13     | a shining eye changed into an anaconda
 16926 | D:13     | an anaconda changed into a glowing shapeshifter
 16934 | D:13     | Noticed a two-headed ogre
 16934 | D:13     | an eye of devastation changed into a two-headed ogre
 16936 | D:13     | a two-headed ogre changed into a lindwurm
 17142 | Orc:1    | Entered Level 1 of the Orcish Mines
 17154 | Orc:1    | Reached skill level 10 in Spellcasting
 17172 | Orc:1    | Noticed Erolcha
 17184 | Orc:1    | Killed Erolcha
 17821 | Orc:1    | Reached skill level 5 in Invocations
 18360 | Orc:2    | Entered Level 2 of the Orcish Mines
 18374 | Orc:2    | Noticed Saint Roka
 19248 | Lair:3   | Found a staircase to the Snake Pit.
 19309 | Lair:3   | Killed Fannar
 19608 | Lair:4   | Found a staircase to the Swamp.
 19742 | Lair:4   | Got an ancient rapier
 19788 | Lair:4   | Noticed an eight-headed hydra
 19834 | Lair:3   | Reached XP level 13. HP: 18/81 MP: 19/27
 20052 | Lair:4   | Reached skill level 1 in Shields
 20084 | Lair:4   | Learned a level 6 spell: Iron Shot
 20089 | Lair:4   | Learned a level 3 spell: Ozocubu's Armour
 20091 | Lair:4   | Learned a level 1 spell: Infusion
 20450 | Lair:4   | Reached skill level 5 in Armour
 20859 | Lair:5   | Found a runed translucent door.
 20859 | Lair:5   | Found a viscous altar of Jiyva.
 20859 | Lair:5   | Found a staircase to the Slime Pits.
 20859 | Lair:5   | Noticed an acid blob
 20859 | Lair:5   | Noticed an acid blob
 21161 | Lair:5   | You fall into a shaft and drop 1 floor!
 21161 | Lair:6   | Entered Level 6 of the Lair of Beasts
 21531 | Lair:5   | Learned a level 3 spell: Conjure Flame
 21681 | Lair:5   | Killed from afar by an acid blob

Levels and vault maps discovered:
D:1:      lightli_arrival_chessboard, layout_basic, minmay_hedge_maze,
          serial_bayou_lake_a
D:2:      layout_loops_cross, minmay_hexomino_u4
D:3:      layout_loops_corners, lemuel_crystal_altar, lemuel_doored_altar,
          portal_sewer_entry_e
D:4:      cheibrodos_old_hovel, layout_loops_ring, first_ration, st_stairs_14,
          minmay_fractal_squares_gapless_5
D:5:      minmay_clustersquares, layout_basic, nicolae_overflow_crystal_walls,
          serial_shops, shop_fountains, uniq_prince_ribbit1
D:6:      layout_loops_cross, evilmike_ruin_ashenzari,
          minmay_temple_entry_proselytizer, bloody_makhleb
D:7:      layout_basic, overflow_temple_1_default, vehumet_altar_wand_db,
          serial_shops, shop_statue, uniq_joseph, uniq_duvessa
D:8:      layout_basic
D:9:      layout_basic, lemuel_crystal_altar, uniq_grum
D:10:     layout_long_grid, lair_entry_dummy, blue_anna_alchemist
          [blue_anna_fruit_fields, blue_anna_fruit_fields]
D:11:     layout_long_grid, enter_trove_1, lemuel_centaur_altar
D:12:     layout_roguey, erik_orc_4
D:13:     minmay_smoke_and_mirrors, layout_rooms, david_vaults_4,
          gammafunk_ghost_spectres, uniq_nessos
Temple:   regret_index_temple_generic_petals
Lair:1:   layout_gridlike, grunt_megastairs_2
Lair:2:   layout_loops_ring, kennysheep_abandoned_house, lemuel_fruit_fields
Lair:3:   layout_regular_city, minmay_snake_entry_six_corridors, uniq_fannar
Lair:4:   layout_cave_pods, swamp_mist_pool, beast_lair_carwin_2,
          lemuel_fruit_tree, infiniplex_staircase_pool_2
Lair:5:   layout_gridlike, slime_altar_2, infiniplex_staircase_pool,
          grunt_megastairs_1
Lair:6:   minmay_lair_end_frog_pond, layout_hall_layers
Orc:1:    layout_diamond_mine, serial_shops, uniq_erolcha
Orc:2:    st_orc_town, layout_caves, uniq_saint_roka

Skill      XL: |  1  2  3  4  5  6  7  8  9 10 11 12 13 |
---------------+----------------------------------------+-----
Short Blades   | 1 2 3 4 5 |  5.3
Stealth        | 3 4 5 6 7 |  7.3
Dodging        | 3 4 5 6 |  6.6
Spellcasting   | 3 4 5 6 7 9 10 | 10.7
Summonings     | 5 6 8 9 10 11 | 11.9
Fighting       | 1 2 4 |  4.7
Armour         | 1 2 3 4 5 |  5.1
Long Blades    | 2 5 6 |  6.9
Throwing       | 2 |  2.8
Invocations    | 3 5 6 |  6.6
Hexes          | 1 |  1.2
Evocations     | 1 |  1.3
Shields        | 1 |  1.0
Ice Magic      | |  0.9
Air Magic      | |  0.8

Action                   |  1- 3 |  4- 6 |  7- 9 | 10-12 | 13-15 || total
-------------------------+-------+-------+-------+-------+-------++-------
Melee: Dagger            |    82 |   138 |   234 |       |       ||   454
       Unarmed           |     1 |       |       |       |       ||     1
       Long sword        |       |       |    65 |   388 |    79 ||   532
       Tailslap          |       |       |       |     3 |       ||     3
Throw: Boomerang         |       |       |     3 |    14 |       ||    17
       Javelin           |       |       |     2 |    38 |     8 ||    48
 Cast: Summon Small Mamm |    30 |    18 |    31 |    78 |     2 ||   159
       Call Canine Famil |     2 |    14 |    17 |    57 |     8 ||    98
       Call Imp          |       |    10 |    47 |   179 |    38 ||   274
       Summon Guardian G |       |       |       |    31 |     7 ||    38
       Aura of Abjuratio |       |       |       |     1 |       ||     1
       Summon Ice Beast  |       |       |       |     8 |     3 ||    11
       Summon Lightning  |       |       |       |    26 |     7 ||    33
       Ensorcelled Hiber |       |       |       |     1 |       ||     1
Invok: Ancestor Life: He |       |       |       |     1 |       ||     1
       Recall Ancestor   |       |       |       |     2 |     1 ||     3
       Transference      |       |       |       |     1 |       ||     1
Evoke: Wand              |       |     1 |     5 |    19 |     7 ||    32
       Box of beasts     |       |       |       |     6 |       ||     6
  Use: Scroll            |       |     8 |     5 |    17 |     2 ||    32
       Potion            |       |       |       |     7 |     2 ||     9
 Stab: Sleeping          |     5 |    14 |    12 |    19 |     1 ||    51
       Distracted        |     1 |     1 |     5 |     7 |     2 ||    16
       Paralysed         |       |       |     1 |       |       ||     1
       Confused          |       |       |       |     3 |       ||     3
  Eat: Chunk             |     2 |    10 |    11 |    20 |     3 ||    46
       Ration            |       |       |     1 |     6 |     2 ||     9
Armor: Robe              |    18 |     2 |       |       |       ||    20
       Leather armour    |       |    28 |     7 |       |       ||    35
       Scale mail        |       |       |    73 |       |       ||    73
       Ring mail         |       |       |       |   167 |    32 ||   199
Dodge: Dodged            |    57 |    83 |   132 |   286 |    40 ||   598
Block: Buckler           |       |       |       |    80 |    21 ||   101
       Rpst.: Long sword |       |       |    15 |    61 |    15 ||    91
